 Dungeon Crawl Stone Soup version 0.29.1 (webtiles) character file.

Game seed: 11569857952969773837

22 AleksM the Trooper (level 2, 0/25 (28) HPs)
             Began as a Naga Berserker on Sept 14, 2022.
             Was a Follower of Trog.
             Slain by an adder (2 damage)
             ... on level 2 of the Dungeon.
             The game lasted 00:12:53 (1189 turns).

AleksM the Trooper (Naga Berserker)                 Turns: 1189, Time: 00:12:54

HP:   0/25 (28)     AC:  3    Str: 19    XL:     2   Next: 91%
MP:   2/2           EV:  9    Int:  7    God:    Trog [*.....]
Gold: 64            SH:  0    Dex: 10    Spells: 1/1 levels left

rFire   . . .      SeeInvis +   a - +0 spear
rCold   . . .      Faith    .   (no shield)
rNeg    . . .      Spirit   .   n - +0 ring mail
rPois   +          Reflect  .   (no helmet)
rElec   .          Harm     .   (no cloak)
rCorr   .          Rampage  .   (no gloves)
Will    .....                   (no barding)
Stlth   ..........              (no amulet)
HPRegen 0.08/turn               (no ring)
MPRegen 0.08/turn               (no ring)

@: heavily drained, very slow
A: AC +0, large, see invisible, deformed body, poison resistance, slowness 2,
spit poison 1, naga tail 1
a: Spit Poison, Renounce Religion, Berserk


You were on level 2 of the Dungeon.
You worshipped Trog.
Trog was aware of your devotion.
You visited 1 branch of the dungeon, and saw 2 of its levels.

You collected 64 gold pieces.

Inventory:

Hand Weapons
 a - a +0 spear (weapon)
 d - a +0 whip
 e - a +0 short sword
 h - a +0 short sword
 i - a +0 dagger of draining
 j - a +0 club
 m - a +2 sling of freezing
 p - a +0 dagger
 r - a +0 dagger
Missiles
 g - 6 stones
Armour
 b - a +0 animal skin
 k - a +0 robe
 n - a +0 ring mail (worn)
Jewellery
 f - an amulet of faith
Scrolls
 q - a scroll of torment {unknown}
 s - a scroll of immolation {unknown}
Potions
 c - 2 potions of curing {unknown}
 l - a potion of might {unknown}
 o - a potion of degeneration {unknown}
 t - a potion of invisibility {unknown}


   Skills:
 + Level 3.6 Fighting
 + Level 3.2 Polearms
 + Level 1.7 Armour
 + Level 1.7 Dodging


You had one spell level left.
You didn't know any spells.
Your spell library contained the following spells:

 Spells                   Type           Power      Damage    Failure   Level
 Slow                     Hex            0%         N/A       63%         1
 Confusing Touch          Hex            0%         N/A       94%         3
 Vampiric Draining        Necr           0%         2d6       94%         3


Dungeon Overview and Level Annotations

Branches:
Dungeon (2/15)

Altars:


Innate Abilities, Weirdness & Mutations

Your serpentine skin is tough. (AC +0)
You have supernaturally acute eyesight. (SInv)
Armour fits poorly on your strangely shaped body.
Your system is resistant to poisons. (rPois)
You cover ground very slowly.
You can spit poison.
You have a snake-like lower body.


Message History

The worm is severely wounded.
The worm barely misses you.
You barely miss the worm. Your punch misses the worm.
The worm is heavily wounded.
You hit the worm.
The worm is almost dead.
The worm bites you.
You hit the worm.
The worm is almost dead.
The worm bites you!
* * * LOW HITPOINT WARNING * * *
You hit the worm but do no damage.
The worm is almost dead.
You hit the worm.
You kill the worm!
Trog accepts your kill. The adder bites you.
* * * LOW HITPOINT WARNING * * *
The adder attacks as you move away! The adder bites you but does no damage.
You barely miss the adder. The adder bites you but does no damage.
The adder bites you.
* * * LOW HITPOINT WARNING * * *
You miss the adder. The adder barely misses you.
You hit the adder but do no damage. The adder bites you but does no damage.
You barely miss the adder. The adder bites you but does no damage.
You hit the adder.
The adder is heavily wounded.
The adder bites you.
* * * LOW HITPOINT WARNING * * *
The adder barely misses you.
You barely miss the adder.
The adder is heavily wounded.
The adder bites you but does no damage.
You hit the adder.
The adder is severely wounded.
The adder bites you but does no damage.
You closely miss the adder.
The adder is severely wounded.
The adder bites you.
You die...

# #. ####.##
.......#######
.......@S†...#
.......#.#..###
.......#.# ....
.......#.# .#.?#
.......#.###.##.#
.......#........##
########.........#
#..........
#.#####
#.......###


You could see an adder.

Vanquished Creatures
  A worm (D:2)
  A dart slug (D:2)
  An endoplasm (D:1)
  2 goblins (D:1)
  2 hobgoblins (D:1)
  2 ball pythons (D:1)
  3 bats (D:1)
  2 frilled lizards (D:1)
  4 kobolds (D:1)
  A rat (D:1)
19 creatures vanquished.

Notes
Turn   | Place    | Note
-------+----------+-------------------------------------------
     0 | D:1      | AleksM the Naga Berserker began the quest for the Orb.
     0 | D:1      | Reached XP level 1. HP: 21/21 MP: 1/1
   328 | D:1      | Reached XP level 2. HP: 4/23 MP: 2/2
   668 | D:1      | Found a faded altar of an unknown god.
  1186 | D:2      | HP: 1/25 [adder (1)]
  1189 | D:2      | Slain by an adder

Illustrated notes

Levels and vault maps discovered:
D:1:      minmay_arrival_split_and_join, layout_loops_ring,
          hellmonk_ecumenical_altar_arch_garden
D:2:      layout_basic

Action                   || total
-------------------------++-------
Melee: Spear             ||    76
       Punch             ||     1
  Use: Scroll            ||     2
       Potion            ||     1
Armor: Animal skin       ||    11
       Ring mail         ||     9
Dodge: Dodged            ||    25
